3AA
BILLINGS POLAR BEARS @ ASHEVILLE HIGHLANDERS
09/18/2042
 
TOP OF THE 1ST
Billings Polar Bears batting - Pitching for Asheville Highlanders : RHP Jason Cannon
Pitching: RHP Jason Cannon
Batting: SHB Leonardo Rodríguez 0-0: Ball
1-0: Fly out, F7 (Line Drive, 7D, EV 87.5 MPH)
Batting: RHB Shalom Gestel 0-0: Ball
1-0: Ball
2-0: Ball
3-0: Base on Balls
Batting: RHB Rupert Bethune 0-0: Called Strike
0-1: Grounds into double play, 5-4-3 (Groundball, 56, EV 85.6 MPH)
Top of the 1st over - 0 runs, 0 hits, 0 errors, 0 left on base; Billings 0 - Asheville 0
BOTTOM OF THE 1ST
Asheville Highlanders batting - Pitching for Billings Polar Bears : LHP Arturo Cuellar
Pitching: LHP Arturo Cuellar
Batting: RHB Lane Ruffin 0-0: Called Strike
0-1: Called Strike
0-2: Foul Ball, location: 2F
0-2: Fly out, F9 (Line Drive, 9, EV 95.0 MPH)
Batting: RHB Robinson Vargas 0-0: Called Strike
0-1: Ball
1-1: Ground out 5-3 (Groundball, 5L, EV 98.1 MPH)
Batting: RHB Tikaroa Hakapuna 0-0: Foul Ball, location: 2F
0-1: Called Strike
0-2: Foul Ball, location: 2F
0-2: Strikes out swinging
Bottom of the 1st over - 0 runs, 0 hits, 0 errors, 0 left on base; Billings 0 - Asheville 0
TOP OF THE 2ND
Billings Polar Bears batting - Pitching for Asheville Highlanders : RHP Jason Cannon
Batting: LHB Jorge Cruz 0-0: Ball
1-0: Called Strike
1-1: Ball
2-1: Fly out, F7 (Flyball, 7LM, EV 88.8 MPH)
Batting: RHB Jose Reginalde 0-0: Called Strike
0-1: Ground out U3 (Groundball, 34, EV 85.6 MPH)
Batting: RHB Gary Panniers 0-0: Ground out U3 (Groundball, 3, EV 101.9 MPH)
Top of the 2nd over - 0 runs, 0 hits, 0 errors, 0 left on base; Billings 0 - Asheville 0
BOTTOM OF THE 2ND
Asheville Highlanders batting - Pitching for Billings Polar Bears : LHP Arturo Cuellar
Batting: RHB Tony Castellanos 0-0: Foul Ball, location: 2F
0-1: Foul Ball, location: 2F
0-2: Ball
1-2: Foul Ball, location: 2F
1-2: Ball
2-2: Foul Ball, location: 2F
2-2: Ball
3-2: Fly out, F9 (Flyball, 9LS, EV 91.2 MPH)
Batting: RHB Joe Frank 0-0: Ball
1-0: Called Strike
1-1: Ground out 4-3 (Groundball, 4, EV 80.0 MPH)
Batting: RHB José Portiz 0-0: Called Strike
0-1: Called Strike
0-2: Ground out 5-3 (Groundball, 56, EV 87.5 MPH)
Bottom of the 2nd over - 0 runs, 0 hits, 0 errors, 0 left on base; Billings 0 - Asheville 0
TOP OF THE 3RD
Billings Polar Bears batting - Pitching for Asheville Highlanders : RHP Jason Cannon
Batting: LHB Stanley Bell 0-0: Ball
1-0: Swinging Strike
1-1: Ground out 6-3 (Groundball, 6S, EV 85.0 MPH)
Batting: RHB Pleun Vleugel 0-0: Ball
1-0: Ball
2-0: Called Strike
2-1: Foul Ball, location: 2F
2-2: SINGLE (Groundball, 3S, EV 81.2 MPH) (infield hit)
Batting: RHB Michael Mack 0-0: Ball
1-0: Ball
2-0: Foul Ball, location: 2F
2-1: Fly out, F8 (Line Drive, 8RD, EV 96.2 MPH)
Batting: SHB Leonardo Rodríguez 0-0: Ball
1-0: Ball
2-0: Called Strike
2-1: Fielders Choice at 2nd, U4 (Groundball, 4M, EV 86.2 MPH)
Top of the 3rd over - 0 runs, 1 hit, 0 errors, 1 left on base; Billings 0 - Asheville 0
BOTTOM OF THE 3RD
Asheville Highlanders batting - Pitching for Billings Polar Bears : LHP Arturo Cuellar
Batting: SHB Dean Barthorpe 0-0: Called Strike
0-1: Ball
1-1: Ground out 5-3 (Groundball, 56, EV 108.1 MPH)
Batting: LHB Juan Sapinoso 0-0: Called Strike
0-1: Ball
1-1: Ball
2-1: Foul Ball, location: 2F
2-2: Ball
3-2: Foul Ball, location: 2F
3-2: Foul Ball, location: 2F
3-2: Base on Balls
Batting: RHB Dan Olson 0-0: Called Strike
0-1: Ball
1-1: SINGLE (Line Drive, 4D, EV 93.8 MPH)
Juan Sapinoso to second
Batting: RHB Lane Ruffin 0-0: Ball
1-0: Called Strike
1-1: 3-RUN HOME RUN (Flyball, 7LD, EV 101.9 MPH), Distance : 349 ft
Batting: RHB Robinson Vargas 0-0: Ground out 4-3 (Groundball, 4, EV 89.4 MPH)
Batting: RHB Tikaroa Hakapuna 0-0: Ground out 5-3 (Groundball, 5, EV 90.0 MPH)
Bottom of the 3rd over - 3 runs, 2 hits, 0 errors, 0 left on base; Billings 0 - Asheville 3
TOP OF THE 4TH
Billings Polar Bears batting - Pitching for Asheville Highlanders : RHP Jason Cannon
Batting: RHB Shalom Gestel 0-0: Ball
1-0: Ball
2-0: Ball
3-0: Called Strike
3-1: Fly out, F4 (Line Drive, 4, EV 70.0 MPH)
Batting: RHB Rupert Bethune 0-0: Called Strike
0-1: Ball
1-1: Ball
2-1: Ball
3-1: Foul Ball, location: 2F
3-2: Strikes out looking
Batting: LHB Jorge Cruz 0-0: Ball
1-0: Ball
2-0: Called Strike
2-1: Foul Ball, location: 2F
2-2: Ball
3-2: Foul Ball, location: 2F
3-2: Base on Balls
Batting: RHB Jose Reginalde 0-0: Foul Ball, location: 2F
0-1: Ball
1-1: Called Strike
1-2: Fielders Choice at 2nd, 6-4 (Groundball, 6D, EV 102.5 MPH)
Top of the 4th over - 0 runs, 0 hits, 0 errors, 1 left on base; Billings 0 - Asheville 3
BOTTOM OF THE 4TH
Asheville Highlanders batting - Pitching for Billings Polar Bears : LHP Arturo Cuellar
Batting: RHB Tony Castellanos 0-0: Called Strike
0-1: Ball
1-1: Ground out 4-3 (Groundball, 4, EV 97.5 MPH)
Batting: RHB Joe Frank 0-0: Ball
1-0: Ball
2-0: Called Strike
2-1: Foul Ball, location: 2F
2-2: Ball
3-2: DOUBLE (Flyball, 89D, EV 100.6 MPH)
Batting: RHB José Portiz 0-0: Ground out 1-3 (Groundball, P, EV 88.8 MPH)
Joe Frank to third
Batting: SHB Dean Barthorpe 0-0: Foul Ball, location: 2F
0-1: Ball
1-1: Fly out, F2 (Popup, 3SF, EV 80.6 MPH)
Bottom of the 4th over - 0 runs, 1 hit, 0 errors, 1 left on base; Billings 0 - Asheville 3
TOP OF THE 5TH
Billings Polar Bears batting - Pitching for Asheville Highlanders : RHP Jason Cannon
Batting: RHB Gary Panniers 0-0: Ball
1-0: Ball
2-0: Ball
3-0: Called Strike
3-1: Ground out U3 (Groundball, 34, EV 98.1 MPH)
Batting: LHB Stanley Bell 0-0: Called Strike
0-1: Called Strike
0-2: Ball
1-2: Foul Ball, location: 2F
1-2: Strikes out swinging
Batting: RHB Pleun Vleugel 0-0: Ball
1-0: Ball
2-0: Fly out, F9 (Flyball, 9S, EV 87.5 MPH)
Top of the 5th over - 0 runs, 0 hits, 0 errors, 0 left on base; Billings 0 - Asheville 3
BOTTOM OF THE 5TH
Asheville Highlanders batting - Pitching for Billings Polar Bears : LHP Arturo Cuellar
Batting: LHB Juan Sapinoso 0-0: Called Strike
0-1: Fly out, F7 (Flyball, 7S, EV 96.2 MPH)
Batting: RHB Dan Olson 0-0: Ball
1-0: Called Strike
1-1: Foul Ball, location: 2F
1-2: Ball
2-2: Ball
3-2: Base on Balls
Pitching: RHP Steve Perkins
Batting: RHB Lane Ruffin 0-0: Called Strike
0-1: Ball
1-1: Ball
2-1: Swinging Strike
2-2: Strikes out swinging
Batting: RHB Robinson Vargas 0-0: Fly out, F8 (Flyball, 8RM, EV 89.4 MPH)
Bottom of the 5th over - 0 runs, 0 hits, 0 errors, 1 left on base; Billings 0 - Asheville 3
TOP OF THE 6TH
Billings Polar Bears batting - Pitching for Asheville Highlanders : RHP Jason Cannon
Batting: RHB Michael Mack 0-0: Ball
1-0: Ball
2-0: Ball
3-0: Called Strike
3-1: Foul Ball, location: 2F
3-2: Base on Balls
Batting: SHB Leonardo Rodríguez 0-0: Called Strike
0-1: Ball
1-1: SINGLE (Line Drive, 3D, EV 99.4 MPH)
Michael Mack to second
Batting: RHB Shalom Gestel 0-0: DOUBLE (Line Drive, 9LS, EV 110.0 MPH)
Michael Mack scores
Leonardo Rodríguez to third
Runner from 3rd tries for Home, SAFE, throw by RF to trailing runner, SAFE at third!
Batting: RHB Rupert Bethune 0-0: Ball
1-0: Ball
2-0: Ground out 6-3 (Groundball, 6, EV 84.4 MPH)
Batting: LHB Jorge Cruz 0-0: Called Strike
0-1: 2-RUN HOME RUN (Flyball, 89XD, EV 104.4 MPH), Distance : 391 ft
Batting: RHB Jose Reginalde 0-0: Ball
1-0: Called Strike
1-1: Ball
2-1: Ball
3-1: Fly out, F7 (Flyball, 7LDF, EV 101.2 MPH)
Batting: RHB Gary Panniers 0-0: Ball
1-0: Reached on error, E5 (Groundball, 56, EV 87.5 MPH)
Batting: LHB Stanley Bell 0-0: Ball
1-0: Called Strike
1-1: Fly out, F7 (Flyball, 7S, EV 85.6 MPH)
Top of the 6th over - 4 runs, 3 hits, 1 error, 1 left on base; Billings 4 - Asheville 3
BOTTOM OF THE 6TH
Asheville Highlanders batting - Pitching for Billings Polar Bears : RHP Steve Perkins
Batting: RHB Tikaroa Hakapuna 0-0: SINGLE (Groundball, 6MD, EV 104.4 MPH)
Batting: RHB Tony Castellanos 0-0: Ball
1-0: Foul Ball, location: 2F
1-1: Fly out, F7 (Flyball, 7S, EV 86.2 MPH)
Batting: RHB Joe Frank 0-0: Ball
1-0: Called Strike
1-1: Hit by Pitch
Tikaroa Hakapuna to second
Batting: RHB José Portiz 0-0: Called Strike
0-1: DOUBLE (Line Drive, 9LS, EV 100.6 MPH)
Tikaroa Hakapuna scores
Joe Frank to third
Runner from 3rd tries for Home, SAFE, throw by RF to trailing runner, SAFE at third!
Batting: SHB Dean Barthorpe 0-0: Hit by Pitch
Batting: LHB Juan Sapinoso 0-0: Ball
1-0: Called Strike
1-1: SINGLE (Groundball, 6MD, EV 104.4 MPH)
José Portiz scores
Dean Barthorpe to second
Batting: RHB Dan Olson 0-0: Ball
1-0: Ball
2-0: Ball
3-0: Base on Balls
Dean Barthorpe to third
Juan Sapinoso to second
Batting: RHB Lane Ruffin 0-0: Foul Ball, location: 2F
0-1: Ball
1-1: Foul Ball, location: 2F
1-2: Ball
2-2: Foul Ball, location: 2F
2-2: Strikes out looking
Batting: RHB Robinson Vargas 0-0: Ball
1-0: Foul Ball, location: 2F
1-1: Fly out, F8 (Line Drive, 8RM, EV 93.1 MPH)
Bottom of the 6th over - 3 runs, 3 hits, 0 errors, 3 left on base; Billings 4 - Asheville 6
TOP OF THE 7TH
Billings Polar Bears batting - Pitching for Asheville Highlanders : RHP Jason Cannon
Pitching: RHP Matt Buck
Batting: RHB Pleun Vleugel 0-0: Ball
1-0: Ball
2-0: Ball
3-0: Base on Balls
Batting: RHB Michael Mack 0-0: Called Strike
0-1: Swinging Strike
0-2: SINGLE (Line Drive, 4MD, EV 104.4 MPH)
Pleun Vleugel to second
Batting: SHB Leonardo Rodríguez 0-0: Called Strike
0-1: SINGLE (Groundball, 56D, EV 96.9 MPH)
Pleun Vleugel to third
Michael Mack to second
Batting: RHB Shalom Gestel 0-0: SINGLE (Groundball, 6, EV 90.6 MPH) (infield hit)
Pleun Vleugel scores
Michael Mack to third
Leonardo Rodríguez to second
Batting: RHB Rupert Bethune 0-0: Called Strike
0-1: Called Strike
0-2: DOUBLE (Line Drive, 8RXD, EV 105.0 MPH)
Michael Mack scores
Leonardo Rodríguez scores
Shalom Gestel to third
Batting: LHB Jorge Cruz 0-0: Intentional Walk
Batting: RHB Jose Reginalde 0-0: Called Strike
0-1: Grounds into fielders choice 5-2 (Groundball, 5S, EV 88.1 MPH)
Rupert Bethune to third
Jorge Cruz to second
Batting: RHB Gary Panniers 0-0: Ball
1-0: Ball
2-0: Swinging Strike
2-1: Ball
3-1: Base on Balls
Rupert Bethune scores
Jorge Cruz to third
Jose Reginalde to second
Pitching: RHP Garry Horton
Batting: LHB Stanley Bell 0-0: Called Strike
0-1: Swinging Strike
0-2: Foul Ball, location: 2F
0-2: Ball
1-2: Ball
2-2: Strikes out swinging
Batting: RHB Pleun Vleugel 0-0: Ball
1-0: Called Strike
1-1: Called Strike
1-2: Strikes out swinging
Top of the 7th over - 4 runs, 4 hits, 0 errors, 3 left on base; Billings 8 - Asheville 6
BOTTOM OF THE 7TH
Asheville Highlanders batting - Pitching for Billings Polar Bears : RHP Steve Perkins
Batting: RHB Tikaroa Hakapuna 0-0: Called Strike
0-1: Ball
1-1: Foul Ball, location: 2F
1-2: Foul Ball, location: 2F
1-2: Ball
2-2: Foul Ball, location: 2F
2-2: Strikes out looking
Pitching: RHP Darrel Parker
Batting: RHB Tony Castellanos 0-0: Called Strike
0-1: Called Strike
0-2: Ball
1-2: Ground out 6-3 (Groundball, 6, EV 106.9 MPH)
Batting: RHB Joe Frank 0-0: Ball
1-0: Ball
2-0: Ball
3-0: Called Strike
3-1: Base on Balls
Batting: RHB José Portiz 0-0: Ball
1-0: Ground out 1-3 (Groundball, P, EV 86.2 MPH)
Bottom of the 7th over - 0 runs, 0 hits, 0 errors, 1 left on base; Billings 8 - Asheville 6
TOP OF THE 8TH
Billings Polar Bears batting - Pitching for Asheville Highlanders : RHP Garry Horton
Batting: RHB Michael Mack 0-0: Ground out 4-3 (Groundball, 4M, EV 79.4 MPH)
Batting: SHB Leonardo Rodríguez 0-0: Ball
1-0: Swinging Strike
1-1: Foul Ball, location: 2F
1-2: Foul Ball, location: 2F
1-2: Ball
2-2: Ground out U3 (Groundball, 3, EV 78.8 MPH)
Batting: RHB Shalom Gestel 0-0: Ball
1-0: Ball
2-0: Called Strike
2-1: Foul Ball, location: 2F
2-2: Ground out 5-3 (Groundball, 56, EV 83.8 MPH)
Top of the 8th over - 0 runs, 0 hits, 0 errors, 0 left on base; Billings 8 - Asheville 6
BOTTOM OF THE 8TH
Asheville Highlanders batting - Pitching for Billings Polar Bears : RHP Darrel Parker
Batting: SHB Dean Barthorpe 0-0: Foul Ball, location: 2F
0-1: Ball
1-1: Fly out, F7 (Flyball, 78M, EV 79.4 MPH)
Batting: LHB Juan Sapinoso 0-0: Foul Ball, location: 2F
0-1: Fly out, F9 (Flyball, 9D, EV 88.8 MPH)
Batting: RHB Dan Olson 0-0: Ball
1-0: Ball
2-0: Ball
3-0: Base on Balls
Batting: RHB Lane Ruffin 0-0: Hit by Pitch
Dan Olson to second
Pinch Hitting: RHB Allan Callejo 0-0: Fielders Choice at 2nd, 6-4 (Groundball, 6, EV 108.1 MPH)
Bottom of the 8th over - 0 runs, 0 hits, 0 errors, 2 left on base; Billings 8 - Asheville 6
TOP OF THE 9TH
Billings Polar Bears batting - Pitching for Asheville Highlanders : RHP Garry Horton
Pitching: RHP Ryan Long
Now at 3B: Mark Mears
Batting: RHB Rupert Bethune 0-0: Ball
1-0: Fly out, F9 (Flyball, 9D, EV 97.5 MPH)
Batting: LHB Jorge Cruz 0-0: Ball
1-0: Called Strike
1-1: Swinging Strike
1-2: SINGLE (Groundball, 6D, EV 101.9 MPH)
Batting: RHB Jose Reginalde 0-0: Ball
1-0: Swinging Strike
1-1: Fly out, F7 (Flyball, 7, EV 75.0 MPH)
Batting: RHB Gary Panniers 0-0: Called Strike
Jorge Cruz steals 2nd base
0-1: Foul Ball, location: 2F
0-2: Ball
1-2: Strikes out looking
Top of the 9th over - 0 runs, 1 hit, 0 errors, 1 left on base; Billings 8 - Asheville 6
BOTTOM OF THE 9TH
Asheville Highlanders batting - Pitching for Billings Polar Bears : RHP Darrel Parker
Batting: RHB Tikaroa Hakapuna 0-0: Ball
1-0: Ball
2-0: Called Strike
2-1: Swinging Strike
2-2: Ground out 5-3 (Groundball, 56, EV 84.4 MPH)
Batting: RHB Tony Castellanos 0-0: Ground out 6-3 (Groundball, 6M, EV 99.4 MPH)
Batting: RHB Joe Frank 0-0: Swinging Strike
0-1: Ball
1-1: SINGLE (Flyball, 4D, EV 94.4 MPH)
Batting: RHB José Portiz 0-0: Fly out, F7 (Flyball, 7S, EV 91.9 MPH)
Bottom of the 9th over - 0 runs, 1 hit, 0 errors, 1 left on base; Billings 8 - Asheville 6
Friday, March 26th, 2021 - OOTP Baseball 20.8 Build 74